 Dungeon Crawl Stone Soup version 0.29.0-4-gdea44cf6ec (webtiles) character file.

Game seed: 14905548525652119759

806 qw the Cleaver (level 7, 0/41 HPs)
             Began as a Tengu Warper on Aug 29, 2022.
             Slain by Edmund
             ... wielding a +2 flail of protection
              (1 damage)
             ... on level 5 of the Dungeon.
             The game lasted 00:00:53 (5707 turns).

qw the Cleaver (Tengu Warper)                       Turns: 5707, Time: 00:00:54

Health: 0/41       AC: 11    Str: 14    XL:     7   Next: 91%
Magic:  0/11       EV:  8    Int: 13    God:
Gold:   92         SH:  0    Dex: 19    Spells: 10/10 levels left

rFire   . . .      SeeInvis .   Y - +2 hand axe (chaos)
rCold   . . .      Faith    .   (no shield)
rNeg    . . .      Spirit   +   t - +0 chain mail
rPois   .          Reflect  .   (helmet restricted)
rElec   .          Harm     .   e - +2 cloak
rCorr   .          Rampage  .   (no gloves)
Will    .....                   (boots unavailable)
Stlth   ..........              f - amulet of guardian spirit
HPRegen 0.13/turn               c - +6 ring of dexterity
MPRegen 0.12/turn               (no ring)

@: flying quickly and evasively, quick
A: beak, talons 3, nimble flight
a: no special abilities


You were on level 5 of the Dungeon.
You visited 1 branch of the dungeon, and saw 6 of its levels.
You also visited: Sewer.

You collected 254 gold pieces.
You spent 162 gold pieces at shops.


Innate Abilities, Weirdness & Mutations

You have a beak for a mouth.
You have claws for feet.
Your magical nature lets you fly swiftly and evasively.


   Skills:
 - Level 3.0 Fighting
 - Level 8.1 Axes
 - Level 3.4 Throwing
 + Level 1.1 Armour
 - Level 3.2 Dodging
 - Level 2.0 Spellcasting
 - Level 2.4 Translocations


You had 10 spell levels left.
You didn't know any spells.
Your spell library contained the following spells:

 Spells                   Type           Power      Damage    Failure   Level
 Blink                    Tloc           14%        N/A       99%         2
 Gell's Gravitas          Tloc           7%         N/A       100%        3
 Lesser Beckoning         Tloc           7%         N/A       100%        3
 Teleport Other           Tloc           7%         N/A       100%        3
 Manifold Assault         Tloc           7%         N/A       100%        5

Inventory:

Hand Weapons
 u - a +0 flail
 Y - a +2 hand axe of chaos (weapon)
Missiles
 p - 5 silver javelins (quivered)
 r - 3 javelins
Armour
 e - a +2 cloak (worn)
 t - a +0 chain mail (worn)
Jewellery
 c - a +6 ring of dexterity (left hand)
 f - an amulet of guardian spirit (around neck)
 q - an amulet of the acrobat
Scrolls
 a - a scroll of teleportation
 g - a scroll of identify
Potions
 b - a potion of resistance
 d - 3 potions of heal wounds
 i - 7 potions of curing
 j - 2 potions of might
 k - a potion of berserk rage {unknown}
 l - a potion of cancellation {unknown}
 m - a potion of magic {unknown}
 o - a potion of attraction {unknown}
 s - a potion of haste

Dungeon Overview and Level Annotations

Branches:
Dungeon (6/15)              Sewer (visited)
 Temple: D:4-7

Altars:
Qazlal
Uskayaw
Zin

Shops:
D:2 !

Annotations:
D:3 1 runed translucent door, Crazy Yiuf
D:4 1 runed translucent door, qw's ghost, amateur TeWr
D:5 Edmund


Message History

Edmund hits you with a +2 flail of protection!
You hit Edmund. You burn Edmund. You peck Edmund, but do no damage.
Edmund is moderately wounded.
Edmund hits you with a +2 flail of protection!
You hit Edmund but do no damage. You claw Edmund!
You peck Edmund, but do no damage.
Edmund is heavily wounded.
Edmund hits you with a +2 flail of protection.
You hit Edmund but do no damage.
Edmund looks even sicker.
You claw Edmund, but do no damage.
Edmund is heavily wounded.
Edmund hits you but does no damage.
You hit Edmund but do no damage.
Edmund flickers and vanishes!
Deactivating autopickup; reactivate with Ctrl-A.
You claw something.
5698 ||| STAIRDANCE Something hits you but does no damage.
You fly upwards.
Reactivating autopickup.
There is a stone staircase leading down here.
You start resting.
Something hits you.
Deactivating autopickup; reactivate with Ctrl-A.
You hit something but do no damage. Something hits you but does no damage.
You hit something but do no damage. You peck something. Something hits you!
You hit something but do no damage. You claw something. Something hits you.
You hit something. You freeze something. You claw something.
Your peck misses something. Something completely misses you.
You hit something but do no damage. Something hits you but does no damage.
You hit something but do no damage. Something hits you!
You barely miss something. Your kick misses something.
Your punch misses something. Something hits you.
You die...

+........#..........#
#........#..#########
#........#..#
#........#..#
##########..# +....#
#...# #....#
#...######### #.[..#
#...#.......# #....#
#...#..{@...# .....##
#...'.......#
#.....###...#.......#
#...#..##¤¤.#.......#
#.~..^.^..¤¤#.......#
#^~^#((.~~#¤#.......#
#..##^..^^#~.>......#
#.^.¤~.^#.#^........#
#~~¤(^...^^......(..#


There were no monsters in sight!

Vanquished Creatures
  A wyvern (D:5)
  A phantom (D:5)
  A howler monkey (D:4)
  A hound (D:4)
  4 iguanas
  An orc wizard (D:5)
  Ijyb (D:3)
  Natasha (thrice) (D:4)
  3 gnolls (D:2)
  6 adders
  6 river rats (Sewer)
  An ufetubus (D:5)
  2 worms (D:2)
  A dart slug (D:2)
  4 orcs (D:5)
  10 ball pythons
  6 endoplasms
  2 giant cockroaches (D:1)
  13 goblins
  6 hobgoblins
  10 jackals
  18 kobolds
  4 quokkas
  6 bats
  5 frilled lizards
  33 rats
149 creatures vanquished.

Vanquished Creatures (others)
  A rat zombie (Sewer)
1 creature vanquished.

Grand Total: 150 creatures vanquished

Notes
Turn   | Place    | Note
-------+----------+-------------------------------------------
     0 | D:1      | qw the Tengu Warper began the quest for the Orb.
     0 | D:1      | Reached XP level 1. HP: 12/12 MP: 4/4
     0 | D:1      | 0 ||| qw: Version: 0.1-a-89-g26bdef1
     0 | D:1      | 0 ||| qw: Game counter: 3443
     0 | D:1      | 0 ||| qw: Always use a shield: true
     0 | D:1      | 0 ||| qw: God list: Okawaru
     0 | D:1      | 0 ||| qw: Allow faded altars: false
     0 | D:1      | 0 ||| qw: Do Orc after D:15 true
     0 | D:1      | 0 ||| qw: Do second Lair branch before Depths: true
     0 | D:1      | 0 ||| qw: Lair rune preference: random
     0 | D:1      | 0 ||| qw: Plans: Normal
     0 | D:1      | 0 ||| PLANNING D:1-11
    17 | D:1      | 17 ||| Stepping ~*~*~tactically~*~*~ (stealth).
    43 | D:1      | 43 ||| UPGRADING to +2 cloak.
    48 | D:1      | 48 ||| DROPPING scroll of blinking.
    49 | D:1      | 49 ||| Stepping randomly (stuck).
    62 | D:1      | 62 ||| Stepping ~*~*~tactically~*~*~ (stealth).
    69 | D:1      | Reached XP level 2. HP: 15/17 MP: 6/6
    75 | D:1      | Reached skill level 3 in Axes
   150 | D:1      | 150 ||| Stepping ~*~*~tactically~*~*~ (stealth).
   151 | D:1      | 151 ||| Stepping ~*~*~tactically~*~*~ (stealth).
   152 | D:1      | 152 ||| Stepping ~*~*~tactically~*~*~ (stealth).
   157 | D:1      | 157 ||| Stepping ~*~*~tactically~*~*~ (stealth).
   158 | D:1      | 158 ||| Stepping ~*~*~tactically~*~*~ (stealth).
   291 | D:1      | 291 ||| Stepping ~*~*~tactically~*~*~ (stealth).
   416 | D:1      | Reached XP level 3. HP: 21/21 MP: 7/7
   480 | D:1      | Reached skill level 4 in Axes
   563 | D:1      | 563 ||| Stepping ~*~*~tactically~*~*~ (stealth).
   867 | D:1      | 867 ||| UPGRADING to amulet of guardian spirit.
   872 | D:1      | 872 ||| READING scroll labelled IRRAR CEYKKAVY.
   873 | D:1      | 873 ||| READING 2 scrolls labelled JOTIVVA BYABBICO.
  1036 | D:2      | 1036 ||| DROPPING +0 club.
  1175 | D:2      | Reached XP level 4. HP: 26/26 MP: 8/8
  1592 | D:2      | Found Awycapix's Distillery.
  1596 | D:2      | 1596 ||| BUYING 2 potions of curing (72 gold).
  1596 | D:2      | Bought 2 potions of curing for 72 gold pieces
  1596 | D:2      | 1596 ||| SHOPLISTING 2 potions of heal wounds (120 gold,
                  | have 11).
  1596 | D:2      | 1596 ||| SHOPLISTING potion of curing (36 gold, have 11).
  1596 | D:2      | 1596 ||| SHOPLISTING potion of haste (120 gold, have 11).
  1596 | D:2      | 1596 ||| SHOPLISTING potion of heal wounds (60 gold, have
                  | 11).
  1596 | D:2      | 1596 ||| SHOPLISTING potion of might (48 gold, have 11).
  1713 | D:2      | 1713 ||| Stepping ~*~*~tactically~*~*~ (stealth).
  1723 | D:2      | 1723 ||| Stepping ~*~*~tactically~*~*~ (stealth).
  1753 | D:2      | 1753 ||| Stepping ~*~*~tactically~*~*~ (stealth).
  1758 | D:2      | Reached skill level 5 in Axes
  2168 | D:2      | 2168 ||| UPGRADING to +0 ring mail.
  2178 | D:2      | 2178 ||| DROPPING +0 leather armour.
  2179 | D:2      | 2179 ||| READING scroll labelled URPHUI ZESMU.
  2180 | D:2      | 2180 ||| READING scroll labelled ROHEAC CIASOIG.
  2181 | D:2      | 2181 ||| READING scroll labelled BERCHI DOCAISH.
  2182 | D:2      | 2182 ||| READING scroll labelled ADAORU COKKY.
  2183 | D:2      | 2183 ||| DRINKING 2 glowing yellow potions.
  2184 | D:2      | 2184 ||| DROPPING potion of brilliance.
  2185 | D:2      | 2185 ||| READING scroll of teleportation.
  2226 | D:3      | Found a faded altar of an unknown god.
  2277 | D:3      | Gained mutation: Your magical nature lets you fly swiftly
                  | and evasively. [Tengu growth]
  2277 | D:3      | Reached XP level 5. HP: 30/30 MP: 9/9
  2457 | D:3      | 2457 ||| Stepping ~*~*~tactically~*~*~ (stealth).
  2457 | D:3      | Noticed Ijyb
  2458 | D:3      | 2458 ||| Stepping ~*~*~tactically~*~*~ (stealth).
  2460 | D:3      | 2460 ||| Stepping ~*~*~tactically~*~*~ (hiding).
  2474 | D:3      | Killed Ijyb
  2475 | D:3      | Reached skill level 6 in Axes
  2477 | D:3      | 2477 ||| Stepping ~*~*~tactically~*~*~ (stealth).
  2650 | D:3      | Found a hide-covered altar of Uskayaw.
  2651 | D:3      | Noticed a +5 dagger
  2651 | D:3      | Noticed a +0 hand axe
  2712 | D:3      | Found a runed translucent door.
  2713 | D:3      | Noticed Crazy Yiuf
  2813 | D:3      | 2813 ||| READING scroll of brand weapon.
  2813 | D:3      | 2813 ||| BRANDING +1 hand axe of venom.
  2981 | D:3      | 2981 ||| Stepping ~*~*~tactically~*~*~ (stealth).
  3097 | D:3      | 3097 ||| DROPPING scarf of invisibility.
  3098 | D:3      | 3098 ||| UPGRADING to +6 ring of dexterity.
  3125 | D:4      | 3125 ||| PLANNING SEWER
  3131 | D:4      | 3131 ||| READING scroll of enchant weapon.
  3131 | D:4      | 3131 ||| ENCHANTING +1 hand axe of chaos.
  3146 | D:4      | 3146 ||| Stepping ~*~*~tactically~*~*~ (hiding).
  3180 | D:4      | 3180 ||| Stepping ~*~*~tactically~*~*~ (stealth).
  3197 | D:4      | 3197 ||| Stepping ~*~*~tactically~*~*~ (stealth).
  3199 | D:4      | 3199 ||| Stepping ~*~*~tactically~*~*~ (stealth).
  3200 | D:4      | 3200 ||| Stepping ~*~*~tactically~*~*~ (stealth).
  3203 | D:4      | 3203 ||| Stepping ~*~*~tactically~*~*~ (stealth).
  3320 | D:4      | Reached skill level 3 in Dodging
  3420 | D:4      | 3420 ||| Stepping ~*~*~tactically~*~*~ (stealth).
  3426 | D:4      | Reached XP level 6. HP: 35/35 MP: 10/10
  3465 | D:4      | Found a runed translucent door.
  3470 | D:4      | Noticed Natasha
  3473 | D:4      | Noticed qw's ghost (amateur TeWr)
  3477 | D:4      | Killed Natasha
  3587 | D:4      | Noticed Natasha
  3588 | D:4      | 3588 ||| Stepping ~*~*~tactically~*~*~ (hiding).
  3594 | D:4      | Killed Natasha
  3595 | D:4      | Reached skill level 7 in Axes
  3717 | D:4      | Noticed Natasha
  3721 | D:4      | Killed Natasha
  3785 | D:4      | Found a glowing drain.
  3786 | D:4      | 3786 ||| READING scroll labelled FEFETR POALAVI.
  3787 | D:4      | 3787 ||| READING scroll labelled HEPA VIUMI.
  3788 | D:4      | 3788 ||| READING 3 scrolls of identify.
  3788 | D:4      | 3788 ||| IDENTIFYING lumpy yellow potion
  3789 | D:4      | 3789 ||| READING 2 scrolls of identify.
  3789 | D:4      | 3789 ||| IDENTIFYING bubbling red potion
  3790 | D:4      | 3790 ||| DROPPING potion of degeneration.
  3799 | Sewer    | Entered a sewer
  3884 | Sewer    | Reached skill level 3 in Fighting
  3886 | Sewer    | Reached XP level 7. HP: 37/41 MP: 11/11
  3981 | Sewer    | 3981 ||| DROPPING +0 whip.
  3991 | Sewer    | 3991 ||| Stepping ~*~*~tactically~*~*~ (stealth).
  3992 | Sewer    | 3992 ||| Stepping ~*~*~tactically~*~*~ (stealth).
  4214 | Sewer    | 4214 ||| DROPPING +2 whip of draining.
  4359 | Sewer    | 4359 ||| DROPPING +2 cloak.
  4360 | Sewer    | 4360 ||| DRINKING 3 purple potions.
  4395 | D:4      | 4395 ||| PLANNING D:1-11
  4709 | D:4      | 4709 ||| READING 2 scrolls of teleportation.
  4785 | D:5      | Entered Level 5 of the Dungeon
  4983 | D:5      | Noticed a wyvern
  4993 | D:5      | Killed a wyvern
  4994 | D:5      | Reached skill level 3 in Throwing
  5069 | D:5      | 5069 ||| Stepping ~*~*~tactically~*~*~ (stealth).
  5071 | D:5      | 5071 ||| Stepping ~*~*~tactically~*~*~ (hiding).
  5073 | D:5      | 5073 ||| Stepping ~*~*~tactically~*~*~ (hiding).
  5086 | D:5      | 5086 ||| DROPPING +2 whip of electrocution.
  5173 | D:5      | Reached skill level 8 in Axes
  5313 | D:5      | Found a stormy altar of Qazlal.
  5363 | D:5      | Found Zin's Purification Station.
  5365 | D:5      | Found a glowing silver altar of Zin.
  5371 | D:5      | 5371 ||| BUYING potion of curing (90 gold).
  5371 | D:5      | Bought a potion of curing for 90 gold pieces
  5630 | D:5      | 5630 ||| UPGRADING to +0 chain mail.
  5640 | D:5      | 5640 ||| DROPPING +0 ring mail.
  5641 | D:5      | 5641 ||| READING scroll labelled DOLYFF SEVYGGE.
  5642 | D:5      | 5642 ||| DRINKING 2 ruby potions.
  5682 | D:6      | Noticed Edmund
  5698 | D:6      | 5698 ||| STAIRDANCE
  5702 | D:5      | HP: 9/41 [something (8)]
  5706 | D:5      | HP: 1/41 [something (6)]
  5707 | D:5      | Slain by Edmund

Levels and vault maps discovered:
D:1:      matt_arrival_grand_opening, layout_loops_ring,
          chequers_serial_rivers_room_b, minmay_misc_feat_iff,
          chequers_serial_rivers_small_a, grunt_decor_cap
D:2:      layout_basic, serial_shops, shop
D:3:      kennysheep_the_goblin_king, layout_loops_ring,
          dancing_weapons_uskayaw, chequers_ecumenical_altar_simple,
          serial_forest, infiniplex_forest_end_3, infiniplex_forest_straight_3,
          infiniplex_forest_straight_2, infiniplex_forest_end_1,
          infiniplex_forest_pool, infiniplex_forest_clump_long,
          infiniplex_forest_straight_3, infiniplex_forest_straight_3,
          minivault_27, uniq_crazy_yiuf_cottage
D:4:      layout_rooms, ebering_ghost_sewer_d, portal_sewer_entry_d,
          nicolae_concentric_dashed_squares_mild, uniq_natasha
D:5:      layout_gridville, zin_purify, grunt_qazlal_sundering
D:6:      layout_gridville, mainiacjoe_overflow_concentric_impassable,
          kennysheep_mini, temple_statues, serial_shops,
          nicolae_take_the_stairs, serial_park_tiny_1, uniq_grinder, uniq_edmund

Skill      XL: |  1  2  3  4  5  6  7 |
---------------+----------------------+-----
Axes           | 3 4 5 6 7 8 |  8.1
Dodging        | 3 |  3.2
Fighting       | 3 |  3.0
Throwing       | 3 |  3.4
Armour         | |  1.1
Spellcasting   | |  2.0
Translocations | |  2.4

Action                   |  1- 3 |  4- 6 |  7- 9 || total
-------------------------+-------+-------+-------++-------
Melee: Hand axe          |    87 |   117 |   102 ||   306
       Kick              |    17 |    32 |    24 ||    73
       Peck              |     9 |    22 |    15 ||    46
       Punch             |     1 |     2 |     2 ||     5
Throw: Boomerang         |    50 |       |       ||    50
       Javelin           |       |    20 |    25 ||    45
  Use: Scroll            |     2 |    11 |     2 ||    15
       Potion            |       |     1 |     2 ||     3
Armor: Leather armour    |    31 |     8 |       ||    39
       Ring mail         |       |    13 |    15 ||    28
       Chain mail        |       |       |     5 ||     5
Dodge: Dodged            |    47 |    44 |    39 ||   130

Table legend:
 A = Non-vault XP
 B = Vault XP
 C = Vault XP percentage of total XP
 D = Non-vault monster count
 E = Vault monster count
 F = Vault count percentage of total count
                 A         B        C        D         E       F
            +---------+---------+-------+---------+---------+-------
      Total |     919 |     233 |  20.2 |      95 |      54 |  36.2
            +---------+---------+-------+---------+---------+-------
        D:1 |      63 |       0 |   0.0 |      37 |       0 |   0.0
        D:2 |      96 |       0 |   0.0 |      18 |       0 |   0.0
        D:3 |      34 |      47 |  58.0 |      14 |       7 |  33.3
        D:4 |     302 |      48 |  13.7 |      16 |       2 |  11.1
        D:5 |     424 |       0 |   0.0 |      10 |       0 |   0.0
      Sewer |       0 |     138 | 100.0 |       0 |      45 | 100.0
            +---------+---------+-------+---------+---------+-------
